 Dungeon Crawl Stone Soup version 0.30-b1-2-g02819fbbbe (webtiles) character file.

Game seed: 6482845621322723983

53 raph the Grave Robber (level 4, -5/30 HPs)
             Began as a Human Necromancer on Dec 18, 2023.
             Slain by a gnoll
             ... wielding a +0 flail
              (12 damage)
             ... on level 1 of the Dungeon.
             The game lasted 00:03:31 (1307 turns).

raph the Grave Robber (Human Necromancer)           Turns: 1307, Time: 00:03:32

Health: -5/30      AC:  2    Str:  8    XL:     4   Next: 10%
Magic:  6/7        EV: 12    Int: 18    God:
Gold:   1          SH:  0    Dex: 13    Spells: 3/7 levels left

rFire   . . .        a - +4 dagger (venom)
rCold   . . .        (no shield)
rNeg    . . .        g - +0 robe
rPois   .            (no helmet)
rElec   .            f - scarf {shadows}
rCorr   .            (no gloves)
SInv    .            (no boots)
Will    .....        c - amulet of the acrobat
Stlth   ++           (no ring)
HPRegen 0.25/turn    (no ring)
MPRegen 0.10/turn

%: acrobat
@: no status effects
A: no striking features
a: no special abilities


You were on level 1 of the Dungeon.
You visited 1 branch of the dungeon, and saw 2 of its levels.

You collected 61 gold pieces.
You spent 60 gold pieces at shops.

Inventory:

Hand Weapons
 a - a +4 dagger of venom (weapon)
 d - a +0 short sword
Armour
 f - a scarf of shadows (worn)
 g - a +0 robe (worn)
Jewellery
 c - an amulet of the acrobat (around neck)
Scrolls
 b - a scroll of immolation
 e - a scroll of noise
 i - 2 scrolls of identify
Potions
 h - a potion of attraction


   Skills:
 + Level 2.5 Dodging
 + Level 2.6 Stealth
 + Level 2.4 Spellcasting
 * Level 4.5 Necromancy


You had 3 spell levels left.
You knew the following spells:

 Your Spells              Type           Power      Damage    Failure   Level
a - Necrotise             Necr           72%        1d7       2%          1
b - Vampiric Draining     Necr           18%        2d7       8%          3

Your spell library contained the following spells:

 Spells                   Type           Power      Damage    Failure   Level
 Animate Dead             Necr           18%        N/A       26%         4
 Agony                    Necr           18%        N/A       58%         5


Dungeon Overview and Level Annotations

Branches:
Dungeon (2/15)

Altars:

Shops:
D:2 ?


Message History

Unknown command.
Casting: Necrotise (safe; 3% risk of failure)
Confirm with . or Enter, or press ? or * to list all spells.
Aiming: Necrotise (safe; 3% risk of failure)
Press: ? - help, Shift-Dir - straight line, f/p - gnoll
Aim: a gnoll, wielding a +0 halberd (almost dead, chance to affect: 81%)
The gnoll writhes in agony.
You kill the gnoll!
The dead are walking!
You have reached level 4!
You feel clever.
Your gnoll skeleton barely misses the gnoll.
An adder comes into view.
A hobgoblin comes into view.
The adder moves out of view.
A kobold comes into view. It is wielding a +0 dagger.
The kobold shouts!
There is an open door here.
Which direction?
You close the door.
Something unseen opens the door.
There is an open door here.
The kobold throws a stone.
The stone completely misses you.
An adder comes into view.
The adder hisses angrily.
The gnoll attacks as you move away! The gnoll closely misses you.
The gnoll attacks as you move away! The gnoll misses you.
The gnoll attacks as you move away! The gnoll hits you with a +0 flail.
The gnoll attacks as you move away! The gnoll misses you.
The gnoll attacks as you move away! The gnoll hits you with a +0 flail!
Okay, then.
The gnoll attacks as you move away! The gnoll misses you.
A gnoll comes into view. It is wielding a +0 spear.
There is a stone staircase leading up here.
The gnoll shouts!
The gnoll hits you with a +0 flail!
* * * LOW HITPOINT WARNING * * *
You climb upwards.
There is a stone staircase leading down here.
The gnoll attacks as you move away! The gnoll hits you with a +0 flail!
You die...

###############
#..............
##...........###
########............#
#........#..........#
#........#..........###
#....g...###.#.........
#####.@................
#....#######....###
##...####......####
#......###.♣♣.# #.
#....#...#.♣♣.# #.
#############....#.<.#....#
#.
#...........#.♣♣.#...#....#
#.
#.#########.#.♣♣.###......#
#. #Z#
#....#......####...###.


You could see a gnoll.

Vanquished Creatures
  2 gnolls (D:2)
  A dart slug (D:1)
  A bat (D:1)
  An endoplasm (D:2)
  A giant cockroach (D:2)
  4 goblins (D:1)
  3 hobgoblins
  2 jackals (D:1)
  3 kobolds (D:1)
  2 quokkas (D:1)
  3 ball pythons (D:1)
  2 frilled lizards (D:1)
  2 rats
27 creatures vanquished.

Vanquished Creatures (collateral kills)
  A jackal (D:1)
1 creature vanquished.

Grand Total: 28 creatures vanquished

Notes
Turn   | Place    | Note
-------+----------+-------------------------------------------
     0 | D:1      | raph the Human Necromancer began the quest for the Orb.
     0 | D:1      | Reached XP level 1. HP: 13/13 MP: 3/3
    83 | D:1      | Reached XP level 2. HP: 19/19 MP: 0/5
   526 | D:1      | Reached XP level 3. HP: 24/24 MP: 0/6
   530 | D:1      | Learned a level 3 spell: Vampiric Draining
  1185 | D:2      | Found Ceuso's Magic Scroll Boutique.
  1194 | D:2      | Bought a scroll of identify for 20 gold pieces
  1196 | D:2      | Bought a scroll of identify for 20 gold pieces
  1196 | D:2      | Bought a scroll of identify for 20 gold pieces
  1247 | D:2      | Reached XP level 4. HP: 30/30 MP: 0/7
  1307 | D:1      | Slain by a gnoll

Illustrated notes

Levels and vault maps discovered:
D:1:      amcnicky_arrival_double_pillar, layout_basic, serial_park_tiny_2
D:2:      layout_loops_corners, basic_altar,
          hellmonk_ecumenical_altar_arch_garden, serial_shops, shop, shop,
          nicolae_shop_statue_plus, shop_scrolls, minivault_11,
          kennysheep_decorative_pillar

Action                     |  1- 3 |  4- 6 || total
---------------------------+-------+-------++-------
  Melee: Short sword       |    10 |       ||    10
         Unarmed           |     2 |       ||     2
         Punch             |     1 |       ||     1
         Dagger            |     8 |       ||     8
   Cast: Necrotise         |    47 |       ||    47
    Use: Potion            |     1 |       ||     1
         Scroll            |     7 |       ||     7
   Stab: Sleeping          |     4 |       ||     4
 Armour: Robe              |     7 |       ||     7
  Dodge: Dodged            |    39 |     5 ||    44
